 Adventure DCSS version bcrawl-1.27.8b (webtiles) character file.

Game seed: 13194082574622502357

282508 Arthanis the Cleaver (level 8, 60/71 HPs)
             Began as a Minotaur Berserker on Jan 11, 2020.
             Was a Priest of Trog.
             Quit the game on level 4 of the Dungeon on Nov 7, 2020.
             The game lasted 00:06:47 (3577 turns).

Arthanis the Cleaver (Minotaur Berserker)           Turns: 3577, Time: 00:06:48

Health: 60/71      AC: 10    Str: 21    XL:     8   Next: 4%
Magic:  8/8        EV:  9    Int:  6    God:    Trog [***...]
Gold:   65         SH:  0    Dex: 11    Spells: 7/7 levels left
                                        Lives:  2   Deaths: 0

rFire    . . .     SeeInvis .   x - +1 scythe (venom)
rCold    . . .     Gourm    .   (shield currently unavailable)
rNeg     . . .     Faith    .   k - +0 chain mail
rPois    .         Spirit   .   (helmet restricted)
rElec    .         Reflect  .   u - -1 cloak
rCorr    .         Harm     .   (no gloves)
MR       .....                  (no boots)
Stlth    ..........             (no amulet)
HPRegen  0.21/turn              (no ring)
MPRegen  0.11/turn              (no ring)

@: mildly poisoned (60 -> 57)
A: retaliatory headbutt, horns 2
a: Berserk, Trog's Hand, Renounce Religion


You were on level 4 of the Dungeon.
You worshipped Trog.
Trog was most pleased with you.
You were hungry.

You visited 1 branch of the dungeon, and saw 4 of its levels.

You collected 289 gold pieces.
You spent 224 gold pieces at shops.

Inventory:

Hand Weapons
 a - a +0 hand axe
 q - a -1 hand axe
 t - a +2 quarterstaff of chaos
 x - a +1 scythe of venom (weapon)
 y - a +1 whip of venom
Armour
 b - a +0 animal skin
 k - a +0 chain mail (worn)
 u - a -1 cloak (worn)
Wands
 w - a wand of polymorph (14)
Scrolls
 d - a scroll of noise {unknown}
 e - 2 scrolls of remove curse
 f - 2 scrolls of immolation
 i - 2 scrolls of enchant weapon {unknown}
 j - a scroll of fear {unknown}
 l - 3 scrolls of fog
 o - 5 scrolls of teleportation
 z - a scroll of enchant armour {unknown}
 A - a scroll of blinking
 B - a scroll of magic mapping
Potions
 g - 2 potions of lignification {unknown}
 m - a potion of resistance {unknown}
 n - 3 potions of degeneration
 p - 2 potions of brilliance {unknown}
 r - a potion of haste
 s - 3 potions of flight
 v - 3 potions of heal wounds
 C - a potion of berserk rage {unknown}
Comestibles
 c - 14 rations {!d}


   Skills:
 + Level 6.5 Fighting
 * Level 8.4 Axes
 - Level 5.0 Armour
 - Level 3.4 Dodging
 + Level 2.0 Evocations


You had 7 spell levels left.
You didn't know any spells.
Your spell library was empty.

Dungeon Overview and Level Annotations

Branches:
Dungeon (4/12)
 Temple: D:4-7

Altars:
Ru
Wu Jian
Zin

Shops:
D:4 ?


Innate Abilities, Weirdness & Mutations

You reflexively headbutt those who attack you in melee.
You have a pair of horns on your head.


Message History

You are poisoned.
The scorpion poisons you!
You barely miss the scorpion. Your headbutt misses the scorpion.
The scorpion is heavily wounded.
You feel sick. The scorpion stings you. The scorpion misses you.
You slash the scorpion!
The scorpion is almost dead.
You feel sick.
The scorpion stings you but does no damage.
You slash the scorpion!
You kill the scorpion!
Trog accepts your kill.
Your Evocations skill increases to level 2!
You have reached level 8!
You feel agile.
You feel sick.
Welcome back, Arthanis the Minotaur Berserker.
Trog says: Kill them all!
Press m to set your skill training.
Press ? for a list of commands and other information.
Are you sure you want to abandon this character and quit the game? (Confirm with "yes".)

#..... ##......##
##..... ........
......... ####.<....#
#####.... .........#
#.... #.......# #....
##.......## #....
#.........# #....
#.....@...# #####....
#.........# #...#....
#.........# #...#....
#.........# #...##...
#.....†...#####...##...
#......#####........###
#......# #.......†#
+......# #........#
#......#####........###


There were no monsters in sight!

Vanquished Creatures
  Sigmund (D:3)
  A sky beast (D:4)
  A scorpion (D:4)
  3 howler monkeys
  3 crimson imps (D:4)
  Crazy Yiuf (D:3)
  An orc priest (D:4)
  A hound (D:4)
  2 orc wizards
  Jessica (D:3)
  Natasha (D:4)
  An iguana (D:4)
  3 worker ants (D:4)
  Ijyb (D:3)
  Robin (D:4)
  5 gnolls
  5 adders
  An ooze (D:2)
  An adder skeleton (D:4)
  6 worms
  4 leopard geckos
  12 orcs
  14 hobgoblins
  2 jackals (D:3)
  5 kobolds
  3 quokkas
  2 ball pythons
  5 bats
  2 frilled lizards (D:2)
  8 goblins
  4 rats
101 creatures vanquished.

Notes
Turn   | Place    | Note
-------+----------+-------------------------------------------
     0 | D:1      | Arthanis the Minotaur Berserker began the quest for the
                  | Orb.
     0 | D:1      | Reached XP level 1. HP: 19/19 MP: 0/0
   530 | D:1      | Reached XP level 2. HP: 27/27 MP: 1/1
   731 | D:2      | Reached skill level 4 in Axes
  1060 | D:2      | Reached XP level 3. HP: 32/33 MP: 2/2
  1229 | D:2      | Found a sacrificial altar of Ru.
  1229 | D:2      | Found a glowing silver altar of Zin.
  1390 | D:2      | Reached XP level 4. HP: 28/40 MP: 3/3
  1567 | D:2      | Found an ornate altar of the Wu Jian Council.
  1672 | D:3      | Noticed Sigmund
  1679 | D:3      | Killed Sigmund
  1679 | D:3      | Reached ** piety under Trog
  1679 | D:3      | Reached skill level 5 in Axes
  1679 | D:3      | Reached XP level 5. HP: 47/47 MP: 4/4
  1909 | D:3      | Found a runed door.
  1913 | D:3      | Noticed Crazy Yiuf
  1918 | D:3      | Killed Crazy Yiuf
  1918 | D:3      | Reached skill level 6 in Axes
  1918 | D:3      | Reached XP level 6. HP: 55/55 MP: 5/5
  2004 | D:3      | Reached skill level 5 in Fighting
  2008 | D:3      | Found a faded altar of an unknown god.
  2057 | D:3      | Noticed Ijyb
  2066 | D:3      | Killed Ijyb
  2200 | D:3      | Noticed Jessica
  2594 | D:3      | Killed Jessica
  2781 | D:4      | Noticed a sky beast
  2803 | D:4      | Killed a sky beast
  2803 | D:4      | Reached skill level 7 in Axes
  2803 | D:4      | Reached XP level 7. HP: 30/62 MP: 6/6
  2808 | D:4      | Reached skill level 5 in Armour
  3153 | D:4      | Reached skill level 1 in Evocations
  3267 | D:4      | Reached skill level 8 in Axes
  3284 | D:4      | Reached *** piety under Trog
  3286 | D:4      | Found Samut's Magic Scroll Emporium.
  3294 | D:4      | Bought a scroll of identify for 28 gold pieces
  3294 | D:4      | Bought a scroll of blinking for 105 gold pieces
  3294 | D:4      | Bought a scroll of magic mapping for 49 gold pieces
  3294 | D:4      | Bought a scroll of teleportation for 42 gold pieces
  3329 | D:4      | Noticed Robin
  3354 | D:4      | Killed Robin
  3460 | D:4      | Noticed Natasha
  3468 | D:4      | Killed Natasha
  3576 | D:4      | Reached XP level 8. HP: 61/71 MP: 8/8
  3577 | D:4      | Upgraded the game from bcrawl-1.19.2-6-g6a88ae04c9 to
                  | bcrawl-1.27.8b
  3577 | D:4      | Quit the game

Skill      XL: |  1  2  3  4  5  6  7 |
---------------+----------------------+-----
Axes           | 4 5 6 7 8 |  8.4
Fighting       | 4 5 6 |  6.5
Armour         | 3 4 5 |  5.0
Dodging        | 3 |  3.4
Evocations     | 2 |  2.0

Action                   |  1- 3 |  4- 6 |  7- 9 || total
-------------------------+-------+-------+-------++-------
Melee: Hand axe          |    62 |   122 |    58 ||   242
       Headbutt          |    10 |    19 |    21 ||    50
       Scythe            |       |       |    44 ||    44
Invok: Berserk           |       |     6 |     2 ||     8
  Use: Scroll            |     1 |       |     6 ||     7
  Eat: Chunk             |     1 |     9 |     6 ||    16
Armor: Chain mail        |    16 |    48 |    44 ||   108
       Animal skin       |     3 |       |       ||     3
Dodge: Dodged            |    26 |    40 |    47 ||   113
